 Dungeon Crawl Stone Soup version 0.32-a0-792-g3d70bf0 (webtiles) character file.

Game seed: 17333485506426956346

429 Dorkslayer the Chopper (level 6, 0/43 HPs)
             Began as an Octopode Fighter on Mar 20, 2024.
             Splashed by a jelly's acid (9 damage)
             ... on level 4 of the Dungeon.
             The game lasted 00:05:50 (2677 turns).

Dorkslayer the Chopper (Octopode Fighter)           Turns: 2677, Time: 00:05:51

Health: 0/43       AC: -11   Str: 17    XL:     6   Next: 98%
Magic:  6/6        EV: 12    Int: 11    God:
Gold:   148        SH:  5    Dex: 11    Spells: 5/5 levels left

rFire   . . .        a - +0 war axe
rCold   . . .        b - +1 buckler
rNeg    . . .        (helmet restricted)
rPois   .            (no amulet)
rElec   .            (no ring)
rCorr   .            (no ring)
SInv    .            (no ring)
Will    .....        (no ring)
Stlth   +++          (no ring)
HPRegen 0.27/turn    (no ring)
MPRegen 0.10/turn    (no ring)
                     (no ring)

%: no passive effects
@: corroded
A: almost no armour, amphibious, 8 rings, camouflage 1, gelatinous body 1,
(nimble swimmer 1), tentacles
a: no special abilities


You were on level 4 of the Dungeon.
You visited 1 branch of the dungeon, and saw 4 of its levels.
You also visited: Sewer.

You collected 148 gold pieces.

Inventory:

Hand Weapons
 a - a +0 war axe (weapon)
 h - a +0 war axe
Armour
 b - a +1 buckler (worn)
Jewellery
 g - a ring of ice
Wands
 q - a wand of iceblast (2)
Scrolls
 d - a scroll of teleportation
 i - a scroll of enchant armour
 l - 2 scrolls of fog {unknown}
 n - a scroll of summoning {unknown}
Potions
 f - 2 potions of cancellation
 j - a potion of magic
 k - a potion of berserk rage
 m - 3 potions of haste {unknown}
 o - a potion of mutation {unknown}
 p - a potion of attraction {unknown}
 r - a potion of brilliance {unknown}
 s - a potion of enlightenment {unknown}


   Skills:
 + Level 4.0 Fighting
 + Level 4.4 Axes
 + Level 4.0 Dodging
 + Level 4.0 Stealth
 + Level 3.7 Shields
 * Level 1.2 Evocations


You had 5 spell levels left.
You didn't know any spells.
Your spell library contained the following spells:

 Spells                   Type           Power      Damage    Failure   Level
 Fugue of the Fallen      Necr           0%         N/A       80%         3
 Ozocubu's Armour         Ice            0%         N/A       80%         3
 Manifold Assault         Tloc           0%         N/A       99%         4


Dungeon Overview and Level Annotations

Branches:
Dungeon (4/15)              Sewer (visited)
 Temple: D:4-7

Altars:
Zin

Shops:
D:1 ?

Annotations:
D:4 2 transporters, Orctaku's ghost, weakling TrFi


Innate Abilities, Weirdness & Mutations

You cannot wear most types of armour.
You are amphibious.
You can wear up to eight rings at the same time.
Your skin changes colour to match your surroundings (Stealth+).
Your rubbery body absorbs attacks. (AC +1, EV +1)
((You are camouflaged when in or above water. (Stealth+)))
You have tentacles for arms and can constrict up to eight enemies at once.


Message History

You constrict the orc priest.
The orc priest calls down the wrath of Beogh upon you.
You barely resist. You slash the orc priest!
The orc priest is almost dead.
You constrict the orc priest!
You kill the orc priest!
Your Stealth skill increases to level 4!
Items here: ))) [ †.
Okay, then.
Things that are here:
a +0 war axe; a +0 ring mail
Things that are here:
a +0 dagger; a scorpion corpse; a kobold corpse
Found a stone staircase leading up.
Found a stone staircase leading down.
You feel a little less mighty now.
HP restored.
A jelly comes into view.
You see here 12 gold pieces.
The helpless jelly fails to defend itself.
You hit the jelly. The acid corrodes you!
Your tentacles burn!
You squeeze the jelly.
The jelly is heavily wounded.
The jelly hits you. The acid corrodes you!
You are splashed with acid!
You hit the jelly.
Your tentacles burn!
You squeeze the jelly, but do no damage.
The jelly is severely wounded.
The jelly hits you. The acid corrodes you!
You are splashed with acid!
You hit the jelly but do no damage.
Your tentacles burn!
The jelly is severely wounded.
The jelly barely misses you. The jelly hits you. The acid corrodes you!
You are splashed with acid.
* * * LOW HITPOINT WARNING * * *
You completely miss the jelly.
The jelly is severely wounded.
The jelly hits you.
* * * LOW HITPOINT WARNING * * *
You are splashed with acid!
You die...

# ###########.#
#.......$@J.#
####
###.###########
...#.#...#
##.#.#.###
.#.#.#.#
##.#.#.#
##.#.#.#
...#.#.#
####.#.#


You could see a jelly.

Vanquished Creatures
  2 brain worms (Sewer)
  A scorpion (D:4)
  An orc priest (D:4)
  An orc wizard (D:4)
  9 adders
  4 river rats (Sewer)
  A ribbon worm (D:3)
  2 orcs (D:4)
  7 endoplasms
  5 giant cockroaches
  6 goblins
  10 hobgoblins
  4 jackals (D:2)
  4 quokkas
  4 ball pythons
  6 bats
  3 frilled lizards (Sewer)
  3 kobolds
  9 rats
82 creatures vanquished.

Notes
Turn   | Place    | Note
-------+----------+-------------------------------------------
     0 | D:1      | Dorkslayer the Octopode Fighter began the quest for the
                  | Orb.
     0 | D:1      | Reached XP level 1. HP: 16/16 MP: 1/1
    51 | D:1      | Found Poklakk's Magic Scroll Emporium.
   239 | D:1      | Reached XP level 2. HP: 21/21 MP: 2/2
   824 | D:2      | Reached XP level 3. HP: 19/26 MP: 3/3
   969 | D:2      | Reached skill level 1 in Stealth
   969 | D:2      | Reached XP level 4. HP: 30/32 MP: 4/4
  1431 | D:3      | Found a glowing drain.
  1439 | Sewer    | Entered a sewer
  1460 | Sewer    | Reached XP level 5. HP: 23/37 MP: 5/5
  1742 | Sewer    | Reached XP level 6. HP: 38/43 MP: 6/6
  2104 | D:3      | Found a glowing silver altar of Zin.
  2538 | D:4      | Found a transporter.
  2540 | D:4      | Found a transporter.
  2540 | D:4      | Noticed Orctaku's ghost (weakling TrFi)
  2598 | D:4      | Reached skill level 1 in Evocations
  2677 | D:4      | Splashed by a jelly's acid

Illustrated notes

Levels and vault maps discovered:
D:1:      dpeg_arrival_signposts, layout_basic, serial_shops, shop,
          nicolae_titane
D:2:      layout_loops_ring
D:3:      layout_basic, lemuel_crystal_altar, cheibrodos_sewer_entry_bend,
          dreamdust_mushroom_princess
D:4:      layout_basic, minmay_temple_entry_statues, gammafunk_ghost_arena

Skill      XL: |  1  2  3  4  5  6 |
---------------+-------------------+-----
Stealth        | 1 2 4 |  4.0
Axes           | 3 4 |  4.4
Fighting       | 4 |  4.0
Dodging        | 4 |  4.0
Evocations     | 1 |  1.2
Shields        | |  3.7

Action                     |  1- 3 |  4- 6 || total
---------------------------+-------+-------++-------
  Melee: War axe           |    40 |    87 ||   127
         Constrict         |    16 |    31 ||    47
         Tentacles         |     6 |    20 ||    26
    Use: Scroll            |       |     6 ||     6
         Potion            |       |     2 ||     2
   Stab: Sleeping          |     5 |    10 ||    15
 Armour: Skin              |     9 |    44 ||    53
  Dodge: Dodged            |    22 |    45 ||    67
  Block: Buckler           |    14 |    20 ||    34

Table legend: (Time is in decaauts)
 A = Elapsed time spent in this place.
 B = Non-inter-level travel time spent in this place.
 C = Inter-level travel time spent in this place.
 D = Time resting spent in this place.
 E = Time spent auto-exploring this place.
 F = Levels seen in this place.
 G = Mean time per level.
                   A        B        C        D        E       F      G
               +--------+--------+--------+--------+--------+-----+--------+
         Total |   2723 |   2723 |      0 |      0 |   1462 |   5 |  544.6 |
       Dungeon |   2254 |   2254 |      0 |      0 |   1186 |   4 |  563.5 |
         Sewer |    469 |    469 |      0 |      0 |    276 |   1 |  469.0 |
               +--------+--------+--------+--------+--------+-----+--------+

Top non-repeatable levels by time:
     D:1: 704 daAuts
     D:3: 702 daAuts
     D:2: 572 daAuts
   Sewer: 469 daAuts
     D:4: 274 daAuts
